 Dungeon Crawl Stone Soup version 0.31.0-9-g3a7656b989 (webtiles) character file.

Game seed: 2738821360376411464

82 qw the Shooter (level 4, -1/25 HPs)
             Began as a Deep Elf Hunter on Feb 2, 2024.
             Slain by Grinder (5 damage)
             ... on level 3 of the Dungeon.
             The game lasted 00:00:04 (1103 turns).

qw the Shooter (Deep Elf Hunter)                    Turns: 1103, Time: 00:00:04

Health: -1/25      AC:  6    Str: 10    XL:     4   Next: 21%
Magic:  6/6        EV: 11    Int: 14    God:
Gold:   38         SH:  0    Dex: 18    Spells: 3/3 levels left

rFire   . . .        c - +1 shortbow (heavy)
rCold   . . .        (shield currently unavailable)
rNeg    . . .        f - +1 ring mail
rPois   .            (no helmet)
rElec   .            (no cloak)
rCorr   .            (no gloves)
SInv    .            (no boots)
Will    .....        (no amulet)
Stlth   +            (no ring)
HPRegen 0.24/turn    (no ring)
MPRegen 0.10/turn

%: no passive effects
@: no status effects
A: no striking features
a: no special abilities


You were on level 3 of the Dungeon.
You visited 1 branch of the dungeon, and saw 3 of its levels.

You collected 38 gold pieces.


   Skills:
 - Level 1.5 Fighting
 + Level 7.6 Ranged Weapons
 - Level 2.4 Dodging
 - Level 1.2 Stealth


You had 3 spell levels left.
You didn't know any spells.
Your spell library was empty.

Inventory:

Hand Weapons
 c - a +1 heavy shortbow (weapon)
Armour
 f - a +1 ring mail (worn)
Potions
 b - a potion of curing {unknown}
 d - a potion of resistance {unknown}
 e - a potion of lignification {unknown}

Dungeon Overview and Level Annotations

Branches:
Dungeon (3/15)

Altars:

Shops:
D:1 *

Annotations:
D:3 Grinder


Message History

The giant cockroach bites you.
Grinder blinks!
You shoot an arrow. The arrow hits the giant cockroach.
The giant cockroach is lightly wounded.
The bat hits you but does no damage. x2; The giant cockroach barely misses you.
A frilled lizard comes into view.
The kobold hits you but does no damage.
The giant cockroach completely misses you.
You shoot an arrow.
The arrow closely misses the giant cockroach.
The frilled lizard hisses angrily.
The bat hits you but does no damage. The bat barely misses you.
The kobold hits you but does no damage. The giant cockroach barely misses you.
The kobold barely misses you.
The giant cockroach bites you but does no damage.
You shoot an arrow.
The arrow barely misses the giant cockroach.
The bat hits you but does no damage.
The giant cockroach bites you but does no damage.
The kobold hits you but does no damage.
The giant cockroach bites you but does no damage.
The bat hits you but does no damage. The kobold hits you with a +0 dagger.
Grinder blinks!
You shoot an arrow. The arrow hits the giant cockroach!
You kill the giant cockroach!
The bat barely misses you. The bat hits you but does no damage.
The kobold closely misses you.
Grinder blinks! x2
The kobold hits you but does no damage.
You shoot an arrow. The arrow hits the kobold.
The kobold is severely wounded.
The bat barely misses you. The bat hits you but does no damage.
The bat barely misses you. The kobold hits you but does no damage.
The bat closely misses you.
You shoot an arrow. The arrow hits Grinder.
Grinder is almost dead.
The bat closely misses you. The bat hits you but does no damage.
The bat barely misses you. Grinder hits you.
You writhe in agony.
The kobold barely misses you. The kobold hits you but does no damage.
Grinder hits you.
You die...
Grinder says, "Now the real fun starts!"

##.... #....#
##....#####
.....#...
......# #.
.....#...
##).......
#.b.......
#@5.......
#...lK.%.......
#.../..........
............##..
#.?.....##### #
........#
.........
.......##


You could see Grinder, a bat, a kobold and a frilled lizard.

Vanquished Creatures
  5 adders
  2 dart slugs
  2 endoplasms (D:1)
  3 giant cockroaches
  2 hobgoblins (D:2)
  2 quokkas (D:2)
  5 bats
  A frilled lizard (D:2)
  2 goblins (D:2)
  7 kobolds
  6 rats
37 creatures vanquished.

Notes
Turn   | Place    | Note
-------+----------+-------------------------------------------
     0 | D:1      | qw the Deep Elf Hunter began the quest for the Orb.
     0 | D:1      | Reached XP level 1. HP: 12/12 MP: 3/3
     0 | D:1      | 0 ||| qw: Version: 0.3-a-155-g5e7d8dd
     0 | D:1      | 0 ||| qw: Game counter: 1407
     0 | D:1      | 0 ||| qw: Melee chars always use a shield: true
     0 | D:1      | 0 ||| qw: God list: Okawaru
     0 | D:1      | 0 ||| qw: Allow faded altars: false
     0 | D:1      | 0 ||| qw: Do Orc after clearing Dungeon:15 true
     0 | D:1      | 0 ||| qw: Do second Lair branch before Depths: true
     0 | D:1      | 0 ||| qw: Lair rune preference: random
     0 | D:1      | 0 ||| qw: Goals: Normal
     0 | D:1      | 0 ||| PLANNING D:1-11
    79 | D:1      | Reached skill level 6 in Ranged Weapons
    79 | D:1      | Reached XP level 2. HP: 15/16 MP: 4/4
   138 | D:1      | Found Poas's Assorted Antiques.
   141 | D:1      | 141 ||| SHOPLISTING encrusted gold wand (100 gold, have
                  | 18).
   141 | D:1      | 141 ||| SHOPLISTING runed bronze wand (100 gold, have 18).
   141 | D:1      | 141 ||| SHOPLISTING scroll labelled VUJOHI KEUS (25 gold,
                  | have 18).
   141 | D:1      | 141 ||| SHOPLISTING viscous blue potion (22 gold, have 18).
   345 | D:1      | 345 ||| UPGRADING to +0 ring mail.
   355 | D:1      | 355 ||| DROPPING +0 leather armour.
   356 | D:1      | 356 ||| READING scroll labelled FIEGE URUA.
   356 | D:1      | 356 ||| IDENTIFYING scroll labelled VUJOHI KEUS
   357 | D:1      | 357 ||| DROPPING scroll of butterflies.
   358 | D:1      | 358 ||| DROPPING scroll of revelation.
   511 | D:2      | Reached XP level 3. HP: 20/20 MP: 5/5
   744 | D:2      | Reached skill level 7 in Ranged Weapons
   810 | D:2      | Reached XP level 4. HP: 20/25 MP: 6/6
  1062 | D:2      | 1062 ||| READING scroll labelled USKEPE ZOISOOT.
  1062 | D:2      | Identified a scroll of acquirement
  1062 | D:2      | 1062 ||| ACQUIRING +1 heavy shortbow
  1062 | D:2      | Acquired a +1 heavy shortbow
  1064 | D:2      | 1064 ||| SWAPPING to +1 heavy shortbow.
  1065 | D:2      | 1065 ||| DROPPING +0 shortbow.
  1066 | D:2      | 1066 ||| READING scroll labelled SAGEZA NUOQAITT.
  1066 | D:2      | 1066 ||| ENCHANTING +0 ring mail.
  1090 | D:3      | Noticed Grinder
  1094 | D:3      | HP: 6/25 [Grinder/nerve-wracking pain (12)]
  1103 | D:3      | HP: 6/25 [Grinder (2)]
  1103 | D:3      | Slain by Grinder

Levels and vault maps discovered:
D:1:      mrwooster_arrival_statue_3, layout_rooms, serial_shops, shop
D:2:      layout_loops_ring
D:3:      layout_rooms, gammafunk_temple_overflow_pools,
          nicolae_qazlal_style_of_elements,
          nicolae_uskayaw_murder_on_the_dancefloor, serial_shops,
          nicolae_shop_real_fake_doors, uniq_grinder

Skill      XL: |  1  2  3 |
---------------+----------+-----
Ranged Weapons | 6 7 |  7.6
Fighting       | |  1.5
Dodging        | |  2.4
Stealth        | |  1.2

Action                     |  1- 3 |  4- 6 || total
---------------------------+-------+-------++-------
   Fire: Shortbow          |    88 |    25 ||   113
    Use: Scroll            |     1 |     2 ||     3
 Armour: Leather armour    |     6 |       ||     6
         Ring mail         |    12 |    25 ||    37
  Dodge: Dodged            |    14 |    24 ||    38

Table legend:
 A = Non-vault XP
 B = Vault XP
 C = Vault XP percentage of total XP
 D = Non-vault monster count
 E = Vault monster count
 F = Vault count percentage of total count
                 A         B        C        D         E       F
            +---------+---------+-------+---------+---------+-------
      Total |     118 |       0 |   0.0 |      37 |       0 |   0.0
            +---------+---------+-------+---------+---------+-------
        D:1 |      24 |       0 |   0.0 |      15 |       0 |   0.0
        D:2 |      77 |       0 |   0.0 |      19 |       0 |   0.0
        D:3 |      17 |       0 |   0.0 |       3 |       0 |   0.0
            +---------+---------+-------+---------+---------+-------
